 Dungeon Crawl Stone Soup version 0.18.1-5-g4a78601 (webtiles) character file.

26156 dorian the Carver (level 12, -7/81 HPs)
             Began as a Demonspawn Abyssal Knight on May 13, 2016.
             Was the Champion of Lugonu.
             Mangled by Urug
             ... wielding a +0 great mace
              (39 damage)
             ... on level 4 of the Lair of Beasts.
             The game lasted 00:41:09 (13667 turns).

dorian the Carver (Demonspawn Abyssal Knight)      Turns: 13667, Time: 00:41:10

Health: -7/81      AC: 16    Str: 19    XL:     12   Next: 95%
Magic:  19/19      EV:  9    Int: 15    God:    Lugonu [******]
Gold:   1083       SH: 13    Dex: 19    Spells: 0 memorised, 11 levels left

rFire  . . .     SeeInvis .     n - +7 Screaming Sword
rCold  . . .     Gourm    .     f - +1 scale mail {rPois}
rNeg   . . .     Faith    .     F - +0 shield
rPois  +         Spirit   .     j - +1 helmet
rElec  .         Dismiss  .     (no cloak)
rCorr  .         Reflect  .     p - +2 pair of gloves {Str+3}
SustAt .         Harm     .     (no boots)
MR     .....                    k - amulet of regeneration
Stlth  ++........               C - +5 ring of slaying
                                L - +4 ring of protection

@: not resistant to hostile enchantments, unstealthy
A: hooves 2, thin skeletal structure 3, demonic guardian 1, foul stench 1, rot
immunity
a: Depart the Abyss, Bend Space, Banish, Corrupt, Enter the Abyss, Brand Weapon
With Distortion, Renounce Religion


You were on level 4 of the Lair of Beasts.
You worshipped Lugonu.
Lugonu was exalted by your worship.
You were not hungry.

You visited 2 branches of the dungeon, and saw 16 of its levels.
You visited the Abyss 1 time.
You also visited: Ossuary and Bailey.

You collected 1341 gold pieces.
You spent 258 gold pieces at shops.

Inventory:

Hand Weapons
 a - a +1 mace
 n - the +7 Screaming Sword (weapon)
   (You found it on level 6 of the Dungeon)
Missiles
 t - 13 curare-tipped needles
Armour
 f - a +1 scale mail of poison resistance (worn)
 j - a +1 helmet (worn)
 p - a +2 pair of gloves of strength (worn)
 x - a +1 pair of gloves
 F - a +0 shield (worn)
 I - a +0 plate armour
Jewellery
 i - an uncursed amulet of rage
 k - an amulet of regeneration (around neck)
 C - a +5 ring of slaying (right hand)
 L - a +4 ring of protection (left hand)
 W - an uncursed amulet of dismissal
Wands
 v - a wand of paralysis (12/24)
 P - a wand of disintegration (5/24)
 Q - a wand of random effects (25/48)
 T - a wand of lightning (7/15)
 V - a wand of random effects (23/48)
 Z - a wand of lightning (3/15)
Scrolls
 b - 2 scrolls of teleportation
 s - 3 scrolls of identify
 w - 6 scrolls of recharging
 y - 2 scrolls of noise
 G - 3 scrolls of remove curse
 H - a scroll of enchant weapon
 M - 2 scrolls of summoning
 R - 3 scrolls of enchant armour
 U - 2 scrolls of fog {unknown}
Potions
 d - 3 potions of lignification
 e - a potion of cure mutation
 g - a potion of cancellation
 h - 4 potions of heal wounds
 l - 5 potions of haste
 m - a potion of degeneration {unknown}
 o - a potion of berserk rage
 q - 11 potions of curing
 z - 3 potions of agility
 A - 3 potions of flight {unknown}
 E - 3 potions of resistance
 K - a potion of magic {unknown}
 O - 2 potions of beneficial mutation {unknown}
 S - a potion of invisibility {unknown}
Books
 B - a book of Power

   Spells                             Type                      Level
   a - Fulminant Prism                Conjuration/Hexes            4
   b - Iskenderun's Mystic Blast      Conjuration                  4
   c - Venom Bolt                     Conjuration/Poison           5
   d - Bolt of Magma                  Conjuration/Fire/Earth       5
   e - Iron Shot                      Conjuration/Earth            6
   f - Orb of Destruction             Conjuration                  7
   g - Spellforged Servitor           Conjuration/Summoning        7
 X - a book of Debilitation

   Spells                             Type                      Level
   a - Corona                         Hexes                        1
   b - Slow                           Hexes                        2
   c - Gell's Gravitas                Hexes/Translocation          3
   d - Inner Flame                    Hexes/Fire                   3
   e - Cause Fear                     Hexes                        4
   f - Leda's Liquefaction            Hexes/Earth                  4
Miscellaneous
 u - a phial of floods (inert)
 N - a phantom mirror
Comestibles
 c - 11 bread rations
 r - 8 meat rations
 D - 2 slices of pizza


   Skills:
 - Level 3.0 Fighting
 * Level 13.2 Long Blades
 - Level 7.6 Maces & Flails
 - Level 1.7 Armour
 - Level 0.8 Dodging
 + Level 11.4 Shields
 - Level 9.5 Invocations


You had 11 spell levels left.
You didn't know any spells.

Dungeon Overview and Level Annotations

Branches:
Dungeon (12/15)            Temple (0/1) D:5            Lair (4/8) D:8
    Orc (0/2) D:11
  Swamp: Lair:3-6    Shoals: Lair:3-6     Snake: Lair:3-6    Spider: Lair:3-6

Altars:
Ashenzari
Dithmenos
Fedhas
Gozag
Kikubaaqudgha
Makhleb
Nemelex Xobeh
Okawaru
Pakellas
Qazlal
Vehumet
Xom
Zin
The Shining One

Shops:
D:9 %(}[   D:11 [

Annotations:
Lair:4 Urug
Abyss:1 Erolcha


Innate Abilities, Weirdness & Mutations

You have hoof-like feet.
You have an unnaturally thin skeletal structure (Dex +6, Stealth++).
A weak demonic guardian rushes to your aid.
You may emit foul miasma when damaged in melee.
You are immune to rotting.


Message History

Urug is severely wounded.
You block the komodo dragon's attack.
You hit Urug but do no damage. Your kick misses Urug.
Urug is severely wounded.
Urug is engulfed in dark miasma.
You block Urug's attack.
The komodo dragon bites you but does no damage.
A porcupine comes into view.
You slash Urug! You kick Urug.
Urug is almost dead.
The Screaming Sword sings an eerie melody.
You hear an angry hiss.
Urug is engulfed in dark miasma.
Urug hits you with a great mace!!
* * * LOW HITPOINT WARNING * * *
The komodo dragon bites you!
* * * LOW HITPOINT WARNING * * *
The komodo dragon looks sick.
You emit a cloud of foul miasma!
Drink which item? (? for menu, Esc to quit)
You feel much better.
Urug is engulfed in dark miasma.
Urug hits you with a great mace!!!
You die...

#...§....#.#
#.........#
##.........###
............##
#P.......#.#
#........# ##.......#
# P. #####......##.#
...P ###@#..#.......#.
...P.#§#ol#..†.......#
#.r...rrr...†........
..#...r...(.%.........
.........†...<........
..........r...(.......
......................
......[.............P.
.....##..###.........#


You could see Urug (berserk), a komodo dragon, a porcupine and 4 river rats.

Vanquished Creatures
  The ghost of redmage the Cleaver, a novice DDFi of Makhleb (Bailey)
  An unseen horror (D:10)
  A hill giant (D:11)
  An ugly thing (D:11)
  A black mamba (Lair:3)
  6 elephants
  Psyche (D:9)
  8 spiny frogs
  6 komodo dragons
  3 trolls
  8 blink frogs
  20 yaks
  A basilisk (Lair:3)
  3 hippogriffs
  Grum (D:8)
  A soldier ant (D:11)
  4 water moccasins
  4 porcupines
  9 orc warriors
  2 black bears
  2 wasps (D:11)
  An eye of draining (D:10)
  3 ice beasts
  2 wolves (D:8)
  9 ogres
  8 centaurs
  7 crocodiles
  An elf zombie (Ossuary)
  11 giant frogs
  A gnoll sergeant (D:6)
  4 scorpions
  9 wights (D:10)
  10 killer bees
  2 howler monkeys (D:10)
  8 crimson imps
  3 giant frog zombies
  5 hounds
  4 centaur zombies
  A jelly (D:11)
  An orc priest (D:3)
  6 gnoll shamans (D:10)
  7 iguanas
  Natasha (D:4)
  3 orc wizards
  10 worker ants
  5 sheep (Lair:3)
  2 hound zombies (Ossuary)
  A hound skeleton (D:9)
  3 mummies (Ossuary)
  2 worker ant zombies
  13 gnolls
  13 adders
  22 river rats
  A shadow imp (D:7)
  An ooze (D:2)
  An adder zombie (D:8)
  An adder skeleton (D:7)
  3 worms
  2 dart slugs (D:1)
  12 giant geckos
  32 orcs
  18 bats
  4 giant cockroaches
  9 goblins
  6 hobgoblins
  22 jackals
  5 quokkas
  3 ball pythons
  5 giant newts
  3 goblin zombies (Ossuary)
  A hobgoblin zombie (Ossuary)
  A jackal skeleton (D:8)
  6 kobolds
  A kobold zombie (Ossuary)
  2 orc zombies (Ossuary)
  A quokka skeleton (D:4)
  8 rats
  2 toadstools (D:1)
412 creatures vanquished.

Vanquished Creatures (collateral kills)
  A yak (D:10)
  A basilisk (Lair:4)
  A hippogriff (D:9)
  A sky beast (D:7)
  2 orc warriors (Bailey)
  2 giant frogs
  A scorpion (D:5)
  A hound zombie (D:7)
  A gnoll (D:10)
  3 orcs
  A jackal zombie (Ossuary)
  A kobold zombie (Ossuary)
16 creatures vanquished.

Vanquished Creatures (others)
  The ghost of deawunn the Grappler, a journeyman TrMo (D:10)
  The ghost of Draxdyn the Basher, a journeyman GrWr of Okawaru (Lair:3)
  A death knight (D:11)
  The ghost of CcS the Severer, a novice HOBe of Trog (D:8)
  A skeletal warrior (D:11)
  A hill giant (D:10)
  2 elephants
  The ghost of IjonTichy1 the Cudgeler, an amateur OgBe of Trog (D:3)
  An ogre (D:4)
  3 orc priests
  An orc wizard (D:7)
  A mummy (Ossuary)
  2 fungi
  4 plants (D:10)
  2 toadstools (D:1)
23 creatures vanquished.

Grand Total: 451 creatures vanquished

Notes
Turn   | Place    | Note
--------------------------------------------------------------
     0 | Abyss:1  | dorian the Demonspawn Abyssal Knight began the quest for the Orb.
     0 | Abyss:1  | Reached XP level 1. HP: 18/18 MP: 2/2
    10 | D:1      | Escaped the Abyss
    94 | D:1      | Gained mutation: You have a somewhat thin skeletal structure (Dex +2, Stealth). [demonic ancestry]
    94 | D:1      | Reached XP level 2. HP: 21/24 MP: 4/4
   434 | D:1      | Reached ** piety under Lugonu
   490 | D:1      | Reached XP level 3. HP: 15/29 MP: 5/5
  1118 | D:2      | Found an opulent altar of Gozag.
  1263 | D:2      | Found a blossoming altar of Fedhas.
  1263 | D:2      | Found an ancient bone altar of Kikubaaqudgha.
  1302 | D:2      | Gained mutation: You have large cloven feet. [demonic ancestry]
  1302 | D:2      | Reached XP level 4. HP: 32/35 MP: 7/7
  1535 | D:2      | Found a shattered altar of Ashenzari.
  1773 | D:3      | Found an oddly glowing altar of Pakellas.
  1879 | D:3      | Noticed IjonTichy1's ghost (amateur OgBe)
  1909 | D:3      | Found an iron altar of Okawaru.
  1922 | D:3      | Found a stormy altar of Qazlal.
  1995 | D:3      | Reached *** piety under Lugonu
  2001 | D:3      | Reached skill level 5 in Invocations
  2024 | D:3      | Gained mutation: You have a moderately thin skeletal structure (Dex +4, Stealth+). [demonic ancestry]
  2024 | D:3      | Reached XP level 5. HP: 29/41 MP: 8/8
  2417 | D:3      | Banished IjonTichy1's ghost
  2460 | D:3      | Gained mutation: A weak demonic guardian rushes to your aid. [demonic ancestry]
  2460 | D:3      | Reached XP level 6. HP: 40/47 MP: 10/10
  2910 | D:4      | Found a glowing golden altar of the Shining One.
  2910 | D:4      | Found a shimmering altar of Xom.
  2912 | D:4      | Noticed Natasha
  2931 | D:4      | Killed Natasha
  2931 | D:4      | Reached skill level 5 in Maces & Flails
  3189 | D:4      | Got an ichor-stained ring mail
  3200 | D:4      | Identified the +1 ring mail of the First Stars {Int+4} (You found it on level 4 of the Dungeon)
  3285 | D:4      | Gained mutation: You are immune to rotting. [demonic ancestry]
  3285 | D:4      | Reached XP level 7. HP: 4/52 MP: 12/12
  3969 | D:5      | Entered Level 5 of the Dungeon
  4072 | D:5      | Found a staircase to the Ecumenical Temple.
  4307 | D:5      | Reached XP level 8. HP: 45/58 MP: 14/14
  4373 | D:5      | Found a sand-covered staircase.
  4389 | Ossuary  | Entered an ossuary
  4473 | Ossuary  | Reached **** piety under Lugonu
  5309 | D:6      | Found an opulent altar of Gozag.
  5358 | D:6      | Found a sparkling altar of Nemelex Xobeh.
  5397 | D:6      | Reached skill level 1 in Shields
  6085 | D:6      | Reached ***** piety under Lugonu
  6263 | D:6      | Reached skill level 1 in Long Blades
  6292 | D:7      | Reached XP level 9. HP: 63/63 MP: 11/16
  6382 | D:7      | Reached skill level 2 in Long Blades
  6405 | D:7      | Found a radiant altar of Vehumet.
  6625 | D:7      | Reached skill level 3 in Long Blades
  6625 | D:7      | Reached skill level 5 in Shields
  6755 | D:8      | Noticed CcS's ghost (novice HOBe)
  6756 | D:8      | Banished CcS's ghost
  6759 | D:8      | Reached skill level 4 in Long Blades
  6762 | D:8      | Found a staircase to the Lair.
  6772 | D:8      | Noticed Grum
  6794 | D:8      | Killed Grum
  6912 | D:8      | Found a burning altar of Makhleb.
  7163 | D:8      | Noticed Erolcha
  7173 | D:8      | Reached skill level 5 in Long Blades
  7183 | D:8      | Banished Erolcha
  7183 | D:8      | Gained mutation: You may emit foul miasma when damaged in melee. [demonic ancestry]
  7183 | D:8      | Reached XP level 10. HP: 10/70 MP: 17/17
  7296 | D:8      | Found a shadowy altar of Dithmenos.
  7445 | D:8      | Found a glowing silver altar of Zin.
  7782 | D:9      | Found Jigryil's Food Shop.
  7840 | D:9      | Found Faaman's Gadget Shoppe.
  7885 | D:9      | Noticed Psyche
  7890 | D:9      | Killed Psyche
  7914 | D:9      | Found Dila's Armour Shoppe.
  7949 | D:9      | Reached skill level 6 in Long Blades
  7990 | D:9      | Found Ofynekhle's Weapon Shop.
  8129 | D:10     | Entered Level 10 of the Dungeon
  8266 | D:10     | Killed an unseen horror
  8266 | D:10     | Reached skill level 7 in Long Blades
  8387 | D:10     | Noticed a hill giant
  8387 | D:10     | Banished a hill giant
  8406 | D:10     | Found a flagged portal.
  8429 | Bailey   | Entered a bailey
  8429 | Bailey   | Noticed redmage's ghost (novice DDFi)
  8441 | Bailey   | Killed redmage's ghost
  8516 | Bailey   | Reached skill level 8 in Long Blades
  9105 | D:10     | Gained mutation: You have hoof-like feet. [demonic ancestry]
  9105 | D:10     | Reached XP level 11. HP: 71/75 MP: 18/18
  9446 | D:10     | Noticed deawunn's ghost (journeyman TrMo)
  9470 | D:10     | Banished deawunn's ghost
  9470 | D:10     | Reached skill level 9 in Long Blades
 10145 | D:11     | Noticed a purple ugly thing
 10161 | D:11     | Killed a purple ugly thing
 10232 | D:11     | Reached skill level 10 in Long Blades
 10277 | D:11     | Found a staircase to the Orcish Mines.
 10279 | D:11     | Found Pist's Armour Shoppe.
 10290 | D:11     | Bought a +2 pair of gloves of strength for 258 gold pieces
 10532 | D:11     | Reached ****** piety under Lugonu
 10648 | D:12     | Noticed a hill giant
 10694 | D:12     | Noticed a hill giant
 10696 | D:12     | Noticed a purple ugly thing
 10700 | D:11     | Killed a hill giant
 10790 | D:12     | Noticed a death knight
 10790 | D:12     | Noticed a skeletal warrior
 10792 | D:12     | Noticed a skeletal warrior
 10798 | D:11     | Banished a skeletal warrior
 10805 | D:11     | Banished a death knight
 10960 | Lair:1   | Entered Level 1 of the Lair of Beasts
 11138 | Lair:1   | Reached skill level 10 in Shields
 11323 | Lair:1   | Reached skill level 11 in Long Blades
 11541 | Lair:1   | Gained mutation: You have an unnaturally thin skeletal structure (Dex +6, Stealth++). [demonic ancestry]
 11541 | Lair:1   | Reached XP level 12. HP: 78/81 MP: 19/19
 12538 | Lair:3   | Reached skill level 12 in Long Blades
 12757 | Lair:3   | Noticed Draxdyn's ghost (journeyman GrWr)
 12760 | Lair:3   | Banished Draxdyn's ghost
 12991 | Lair:3   | Found a stormy altar of Qazlal.
 13052 | Lair:3   | Reached skill level 13 in Long Blades
 13648 | Lair:4   | Noticed Urug
 13667 | Lair:4   | Mangled by Urug

Skill      XL: |  1  2  3  4  5  6  7  8  9 10 11 12 |
---------------+-------------------------------------+-----
Maces & Flails | 2 3 4 5 6 7 |  7.6
Invocations    | 3 4 5 6 7 9 |  9.5
Shields        | 3 6 8 10 11 | 11.4
Long Blades    | 1 5 8 11 13 | 13.2
Fighting       | |  3.0
Armour         | |  1.7
Dodging        | |  0.8

Action                   |  1- 3 |  4- 6 |  7- 9 | 10-12 || total
-------------------------+-------+-------+-------+-------++-------
Melee: Mace              |   130 |   270 |   383 |       ||   783
       Kick              |       |    81 |   147 |   218 ||   446
       Double sword      |       |       |   117 |   631 ||   748
Invok: Banish            |       |     1 |     6 |    13 ||    20
Evoke: Wand              |       |       |       |    12 ||    12
       Phial of floods   |       |       |       |     2 ||     2
  Use: Scroll            |       |       |     6 |    15 ||    21
       Potion            |       |       |     1 |     1 ||     2
 Stab: Sleeping          |     1 |       |       |     8 ||     9
       Distracted        |       |     1 |       |     3 ||     4
  Eat: Chunk             |     1 |     7 |    16 |    20 ||    44
       Fruit             |       |       |       |     3 ||     3
       Beef jerky        |       |       |       |     2 ||     2
Armor: Leather armour    |    28 |       |       |       ||    28
       Ring mail         |    27 |       |       |       ||    27
       Scale mail        |     4 |   124 |     5 |   206 ||   339
       Chain mail        |       |       |   382 |    71 ||   453
Dodge: Dodged            |   102 |   163 |   147 |   156 ||   568
Block: Shield            |       |       |   116 |   393 ||   509
